 Dungeon Crawl Stone Soup version 0.32-a0-871-ge202e49faa (webtiles) character file.

Game seed: 1879339769231602301

32 Griffin23 the Covered (level 3, -4/33 HPs)
             Began as a Minotaur Fighter on Mar 30, 2024.
             Frozen to death by an endoplasm (5 damage)
             ... on level 2 of the Dungeon.
             The game lasted 00:02:17 (941 turns).

Griffin23 the Covered (Minotaur Fighter)             Turns: 941, Time: 00:02:18

Health: -4/33      AC:  7    Str: 22    XL:     3   Next: 10%
Magic:  2/2        EV:  8    Int:  5    God:
Gold:   24         SH:  4    Dex:  9    Spells: 2/2 levels left

rFire   . . .        a - +0 long sword
rCold   . . .        c - +0 buckler
rNeg    . . .        b - +0 scale mail
rPois   .            (helmet restricted)
rElec   .            (no cloak)
rCorr   .            (no gloves)
SInv    .            (no boots)
Will    .....        (no amulet) Stlth
                     (no ring)
HPRegen 0.25/turn    (no ring)
MPRegen 0.08/turn

%: no passive effects
@: mighty
A: horns 2, retaliatory headbutt
a: no special abilities


You were on level 2 of the Dungeon.
You visited 1 branch of the dungeon, and saw 2 of its levels.

You collected 24 gold pieces.

Inventory:

Hand Weapons
 a - a +0 long sword (weapon)
Armour
 b - a +0 scale mail (worn)
 c - a +0 buckler (worn)
Jewellery
 f - a ring of wizardry
Scrolls
 e - a scroll of amnesia {unknown}
 g - 2 scrolls of revelation {unknown}


   Skills:
 + Level 4.0 Fighting
 * Level 3.2 Long Blades
 + Level 4.0 Armour
 + Level 4.0 Shields


You had 2 spell levels left.
You didn't know any spells.
Your spell library contained the following spells:

 Spells                   Type           Power      Damage    Failure   Level
 Freeze                   Ice            0%         1d3       86%         1
 Ensorcelled Hibernation  Hex/Ice        0%         N/A       94%         2
 Frozen Ramparts          Ice            0%         1d1       99%         3
 Hailstorm                Conj/Ice       0%         3d5       99%         3
 Passwall                 Erth           0%         N/A       99%         3
 Swiftness                Air            0%         N/A       99%         3


Dungeon Overview and Level Annotations

Branches:
Dungeon (2/15)

Altars:


Innate Abilities, Weirdness & Mutations

You have a pair of horns on your head.
You reflexively headbutt those who attack you in melee.


Message History

Your experience leads to an increase in your attributes!
Increase (S)trength, (I)ntelligence, or (D)exterity?
You feel stronger. x2
You hit the ribbon worm but do no damage.
You feel sick.
The endoplasm hits you but does no damage.
The ribbon worm bites you.
You are too injured to fight recklessly!
You are too injured to fight recklessly!
You are too injured to fight recklessly!
You hit the endoplasm. You headbutt the endoplasm.
The endoplasm is severely wounded.
You feel sick. You block the endoplasm's attack.
The ribbon worm expels a string of sticky webbing.
The stream of webbing hits you but does no damage.
You are caught in a web!
The endoplasm hits you but does no damage.
You feel sick.
You are no longer poisoned.
The ribbon worm barely misses you. The endoplasm freezes you.
You are frozen.
* * * LOW HITPOINT WARNING * * *
You completely miss the endoplasm.
The endoplasm is severely wounded.
The ribbon worm bites you.
* * * LOW HITPOINT WARNING * * *
The endoplasm freezes you.
You are frozen.
* * * LOW HITPOINT WARNING * * *
You feel very mighty all of a sudden. The ribbon worm bites you.
* * * LOW HITPOINT WARNING * * *
The endoplasm barely misses you.
You slash the ribbon worm!
The ribbon worm is moderately wounded.
The endoplasm jiggles.
The endoplasm freezes you.
You are frozen.
You die...

#######
##.....####
###..........
######.....?...##
.........#####..##
.#....##.....##?.#
..##..#..#J@..#..#
#..#...w...#....
#..#.<._.#....##
....#.......#..#
###..#..#.<..#..#
##.##.....##..#
#.....#####..##
#..............
#.... ......####


You could see a ribbon worm (catching breath) and an endoplasm.

Vanquished Creatures
  An adder (D:2)
  A dart slug (D:1)
  2 ribbon worms
  An endoplasm (D:1)
  A giant cockroach (D:2)
  2 goblins
  A hobgoblin (D:1)
  2 quokkas (D:1)
  3 ball pythons (D:1)
  A bat (D:1)
  A kobold (D:1)
  A rat (D:1)
17 creatures vanquished.

Notes
Turn   | Place    | Note
-------+----------+-------------------------------------------
     0 | D:1      | Griffin23 the Minotaur Fighter began the quest for the Orb.
     0 | D:1      | Reached XP level 1. HP: 19/19 MP: 0/0
   292 | D:1      | Reached XP level 2. HP: 27/27 MP: 1/1
   878 | D:2      | Found a faded altar of an unknown god.
   936 | D:2      | Reached XP level 3. HP: 21/33 MP: 2/2
   940 | D:2      | HP: 1/33 [ribbon worm (2)]
   941 | D:2      | Frozen to death by an endoplasm

Illustrated notes

Levels and vault maps discovered:
D:1:      dpeg_arrival_water_fire, layout_loops_ring, serial_glass,
          glass_columns_a, glass_columns_a, glass_columns_a, glass_columns_a
D:2:      layout_loops_cross, nicolae_ecumenical_pavilion, uniq_robin

Skill      XL: |  1  2 |
---------------+-------+-----
Long Blades    | 3 |  3.2
Fighting       | 4 |  4.0
Armour         | 4 |  4.0
Shields        | 4 |  4.0

Action                     || total
---------------------------++-------
  Melee: Long sword        ||    44
         Headbutt          ||     9
    Use: Potion            ||     1
 Armour: Scale mail        ||    47
  Dodge: Dodged            ||    18
  Block: Buckler           ||    11

Table legend: (Time is in decaauts)
 A = Elapsed time spent in this place.
 B = Non-inter-level travel time spent in this place.
 C = Inter-level travel time spent in this place.
 D = Time resting spent in this place.
 E = Time spent auto-exploring this place.
 F = Levels seen in this place.
 G = Mean time per level.
                   A        B        C        D        E       F      G
               +--------+--------+--------+--------+--------+-----+--------+
         Total |    953 |    871 |     82 |     23 |    730 |   2 |  476.5 |
       Dungeon |    953 |    871 |     82 |     23 |    730 |   2 |  476.5 |
               +--------+--------+--------+--------+--------+-----+--------+

Top non-repeatable levels by time:
     D:1: 913 daAuts
     D:2: 40 daAuts
